 Dungeon Crawl Stone Soup version 0.29-a0-67-g1d65ae1bb4 (webtiles) character file.

Game seed: 12291855689274244659

47 Bosse the Magician (level 3, -8/24 HPs)
             Began as a Demonspawn Hedge Wizard on Feb 3, 2022.
             Was a Follower of Makhleb.
             Mangled by Sigmund (11 damage)
             ... on level 2 of the Dungeon.
             The game lasted 00:04:10 (2323 turns).

Bosse the Magician (Demonspawn Hedge Wizard)        Turns: 2323, Time: 00:04:10

Health: -8/24      AC:  3    Str: 10    XL:     3   Next: 48%
Magic:  8/8        EV: 12    Int: 17    God:    Makhleb [*.....]
Gold:   56         SH:  0    Dex: 12    Spells: 9/10 levels left

rFire   . . .      SeeInvis .   a - +0 dagger
rCold   . . .      Faith    .   (no shield)
rNeg    . . .      Spirit   .   b - +0 robe
rPois   .          Reflect  .   c - +0 hat
rElec   .          Harm     .   (no cloak)
rCorr   .          Rampage  .   f - +0 pair of gloves
Will    .....                   (no boots)
Stlth   +.........              (no amulet)
HPRegen 0.08/turn               (no ring)
MPRegen 0.11/turn               (no ring)

@: confused
A: antennae 1
a: Renounce Religion


You were on level 2 of the Dungeon.
You worshipped Makhleb.
Makhleb was aware of your devotion.
You visited 1 branch of the dungeon, and saw 2 of its levels.

You collected 56 gold pieces.

Inventory:

Hand Weapons
 a - a +0 dagger (weapon)
Armour
 b - a +0 robe (worn)
 c - a +0 hat (worn)
 f - a +0 pair of gloves (worn)
Scrolls
 d - 3 scrolls of identify {unknown}
 g - a scroll of vulnerability {unknown}
 h - a scroll of fog {unknown}
 i - a scroll of magic mapping {unknown}
Potions
 e - a potion of mutation {unknown}


   Skills:
 + Level 0.2 Short Blades
 + Level 2.0 Dodging
 + Level 1.7 Stealth
 + Level 4.0 Spellcasting
 + Level 1.5 Conjurations
 + Level 1.0 Summonings
 + Level 0.8 Translocations


You had 9 spell levels left.
You knew the following spells:

 Your Spells              Type           Power      Damage    Failure   Level
a - Magic Dart            Conj           32%        1d4       9%          1

Your spell library contained the following spells:

 Spells                   Type           Power      Damage    Failure   Level
 Slow                     Hex            12%        N/A       16%         1
 Call Imp                 Summ           6%         N/A       16%         2
 Blink                    Tloc           12%        N/A       17%         2
 Conjure Flame            Conj/Fire      6%         6-21      34%         3
 Mephitic Cloud           Conj/Pois/Air  5%         N/A       36%         3


Dungeon Overview and Level Annotations

Branches:
Dungeon (2/15)

Altars:
Makhleb

Annotations:
D:2 Sigmund


Innate Abilities, Weirdness & Mutations

You have a pair of small antennae on your head.


Message History

Sigmund shouts!
The magic dart hits Sigmund.
Sigmund is lightly wounded.
Sigmund points at you and mumbles some strange words.
You are confused.
You're too confused to cast spells.
You're too confused to cast spells.
You're too confused to move!
Sigmund points at you and mumbles some strange words.
You are more confused.
You hear an angry hiss.
You're too confused to cast spells.
An adder comes into view.
Sigmund closely misses you.
Sigmund hits you from afar with a +0 scythe!
You are too confused!
You bump into the rock wall.
Sigmund gestures at you while chanting.
You are more confused.
You bump into the rock wall.
Sigmund hits you from afar with a +0 scythe.
You're too confused to move!
You bump into the rock wall.
Sigmund hits you but does no damage. Sigmund casts a spell at you.
The puff of flame misses you.
You bump into the rock wall.
Sigmund gestures at you while chanting.
You are more confused.
You bump into the rock wall.
Sigmund hits you with a +0 scythe!
* * * LOW HITPOINT WARNING * * *
You barely miss Sigmund. You closely miss Sigmund. Sigmund barely misses you.
You bump into the rock wall.
Sigmund barely misses you.
You bump into the rock wall.
Sigmund hits you from afar with a +0 scythe.
* * * LOW HITPOINT WARNING * * *
You bump into the rock wall.
Sigmund barely misses you.
You hit Sigmund but do no damage. Sigmund barely misses you.
You bump into the rock wall.
Sigmund hits you with a +0 scythe!
You die...

......#
#...##.########
#.######
..#####
#.####.# #.#
..# #.## #.#
#.# <.#
#......# #.#
#.# .....###
#.# #.. #.# ..#
#.# # .. #S#
########.#
##@###........#
#..@...########
.....#######
.##


You could see Sigmund and an adder.

Vanquished Creatures
  2 dart slugs
  2 ball pythons (D:1)
  3 endoplasms
  A giant cockroach (D:1)
  A goblin (D:1)
  2 hobgoblins
  5 kobolds
  6 quokkas
  7 bats
  5 frilled lizards
  6 rats
40 creatures vanquished.

Vanquished Creatures (others)
  8 plants (D:2)
8 creatures vanquished.

Grand Total: 48 creatures vanquished

Notes
Turn   | Place    | Note
-------+----------+-------------------------------------------
     0 | D:1      | Bosse the Demonspawn Hedge Wizard began the quest for the
                  | Orb.
     0 | D:1      | Reached XP level 1. HP: 13/13 MP: 4/4
   268 | D:1      | Gained mutation: You have a pair of small antennae on your
                  | head. [demonic ancestry]
   268 | D:1      | Reached XP level 2. HP: 19/19 MP: 3/6
  1374 | D:1      | Found a faded altar of an unknown god.
  1377 | D:1      | Prayed at the altar of an unknown god.
  1377 | D:1      | Became a worshipper of Makhleb the Destroyer
  1377 | D:1      | Reached * piety under Makhleb
  1498 | D:1      | Reached XP level 3. HP: 21/24 MP: 1/8
  2247 | D:2      | Reached skill level 4 in Spellcasting
  2300 | D:2      | Noticed Sigmund
  2323 | D:2      | Mangled by Sigmund

Illustrated notes

Levels and vault maps discovered:
D:1:      moated_graveyard_arrival, layout_basic,
          shapermc_ecumenical_altar_mp_vishouse
D:2:      layout_loops_cross, serial_bayou_ford_a, minmay_misc_feat_nine_boxes,
          uniq_sigmund

Skill      XL: |  1  2  3 |
---------------+----------+-----
Dodging        | 2 |  2.0
Spellcasting   | 4 |  4.0
Short Blades   | |  0.2
Stealth        | |  1.7
Conjurations   | |  1.5
Summonings     | |  1.0
Translocations | |  0.8

Action                   || total
-------------------------++-------
Melee: Dagger            ||    30
 Cast: Magic Dart        ||   109
Armor: Robe              ||     8
Dodge: Dodged            ||    48

Table legend: (Time is in decaauts)
 A = Elapsed time spent in this place.
 B = Non-inter-level travel time spent in this place.
 C = Inter-level travel time spent in this place.
 D = Time resting spent in this place.
 E = Time spent auto-exploring this place.
 F = Levels seen in this place.
 G = Mean time per level.
                   A        B        C        D        E       F      G
               +--------+--------+--------+--------+--------+-----+--------+
         Total |   2320 |   2320 |      0 |      0 |   2037 |   2 | 1160.0 |
       Dungeon |   2320 |   2320 |      0 |      0 |   2037 |   2 | 1160.0 |
               +--------+--------+--------+--------+--------+-----+--------+

Top non-repeatable levels by time:
     D:1: 1749 daAuts
     D:2: 571 daAuts
